 Dungeon Crawl Stone Soup version 0.30-a0-964-gd452b5e7fa (webtiles) character file.

Game seed: 6193658063741727350

47 retardedninja the Covered (level 3, -6/33 HPs)
             Began as an Armataur Fighter on Mar 30, 2023.
             Killed by divine providence
             ... invoked by an orc priest
              (14 damage)
             ... on level 3 of the Dungeon.
             The game lasted 00:02:01 (1616 turns).

retardedninja the Covered (Armataur Fighter)        Turns: 1616, Time: 00:02:02

Health: -6/33      AC:  7    Str: 21    XL:     3   Next: 48%
Magic:  3/3        EV:  7    Int:  8    God:
Gold:   70         SH:  4    Dex: 11    Spells: 2/2 levels left

rFire   . . .      SeeInvis .    a - +0 long sword
rCold   . . .      Faith    .    c - +0 buckler
rNeg    . . .      Spirit   .    b - +0 scale mail
rPois   .          Reflect  .    (no helmet)
rElec   .          Roll     +    (no cloak)
rCorr   .                        (no gloves)
Will    .....                    (no barding) Stlth
                                 (no amulet)
HPRegen 0.25/turn                (no ring)
MPRegen 0.08/turn                (no ring)

@: no status effects
A: large, rugged brown scales 3, deformed body, armoured tail, roll, long
tongue, awkward tongue
a: no special abilities


You were on level 3 of the Dungeon.
You visited 1 branch of the dungeon, and saw 3 of its levels.

You collected 70 gold pieces.

Inventory:

Hand Weapons
 a - a +0 long sword (weapon)
Armour
 b - a +0 scale mail (worn)
 c - a +0 buckler (worn)
Jewellery
 e - a ring of flight
 g - a ring of protection from fire
Scrolls
 i - a scroll of immolation {unknown}
 j - a scroll of poison {unknown}
 k - a scroll of noise {unknown}
 l - a scroll of brand weapon {unknown}
 n - a scroll of enchant armour {unknown}
 o - a scroll of vulnerability {unknown}
Potions
 d - a potion of might
 f - 2 potions of degeneration {unknown}
 h - a potion of mutation {unknown}
 m - 4 potions of attraction {unknown}
 p - 2 potions of lignification {unknown}


   Skills:
 + Level 3.0 Fighting
 * Level 2.6 Long Blades
 + Level 4.0 Armour
 + Level 3.6 Shields


You had 2 spell levels left.
You didn't know any spells.
Your spell library contained the following spells:

 Spells                   Type           Power      Damage    Failure   Level
 Magic Dart               Conj           0%         1d3       80%         1
 Call Imp                 Summ           0%         N/A       91%         2
 Mephitic Cloud           Conj/Pois/Air  0%         N/A       99%         3


Dungeon Overview and Level Annotations

Branches:
Dungeon (3/15)

Altars:
Sif Muna


Innate Abilities, Weirdness & Mutations

You are completely covered in rugged brown scales. (AC +3, +7% HP)
Armour fits poorly on your strangely shaped body.
You have a long armoured tail.
You roll when moving toward enemies. (Rampage)
Your long tongue fully drains potion bottles. (2x potion effects)
Your tongue gives you trouble enunciating. (1.5x scroll delay)


Message History

You block the hobgoblin's attack. You block the goblin's attack.
You slash the goblin!
You kill the goblin!
The endoplasm hits you but does no damage.
The orc hits you with a +0 dagger.
The hobgoblin hits you but does no damage.
You hit the orc.
The orc is severely wounded.
The orc hits you with a +0 hand axe. The orc hits you but does no damage.
The endoplasm hits you but does no damage.
The orc hits you with a +0 dagger. The hobgoblin hits you.
The adder bites you but does no damage.
You are too injured to fight recklessly!
You are too injured to fight recklessly!
You are too injured to fight recklessly!
You are too injured to fight recklessly!
You are too injured to fight recklessly!
You are too injured to fight recklessly!
Unknown command.
The orc attacks as you move away! The orc hits you with a +0 dagger.
The orc closely misses you. The endoplasm freezes you.
You are frozen.
The adder bites you.
You are poisoned.
The adder poisons you! The endoplasm attacks as you move away!
The endoplasm hits you but does no damage.
You feel sick.
The adder bites you but does no damage. x2
The orc attacks as you move away! You block the orc's attack.
The orc attacks as you move away! The orc hits you with a +0 club.
You feel sick. The adder attacks as you move away! The adder barely misses you.
The orc attacks as you move away! The orc hits you but does no damage.
You feel sick. The adder attacks as you move away!
The adder bites you but does no damage. The orc attacks as you move away!
You block the orc's attack.
You feel sick.
You are no longer poisoned.
The orc priest calls down the wrath of Beogh upon you.
Beogh smites you!
You die...

............# #....
..........†.#.######....
............#...........
.............#...........
............##..........
............##......####
............##..........
............#####.......
.......@....# #.......
......oSo...# #.......
........!...# #.......
.......Jg...# #.......
.....$.o.o..# #....++#
............# #....#.#
.......)....# #.......
............# #.....##
............# #####...


You could see an orc priest, an adder, 3 orcs, an endoplasm and a hobgoblin.

Vanquished Creatures
  2 worms (D:2)
  5 endoplasms
  2 giant cockroaches (D:2)
  3 hobgoblins
  2 jackals (D:1)
  4 quokkas
  2 ball pythons
  6 bats
  3 frilled lizards
  6 goblins
  2 rats (D:1)
37 creatures vanquished.

Vanquished Creatures (others)
  2 plants (D:2)
2 creatures vanquished.

Grand Total: 39 creatures vanquished

Notes
Turn   | Place    | Note
-------+----------+-------------------------------------------
     0 | D:1      | retardedninja the Armataur Fighter began the quest for the
                  | Orb.
     0 | D:1      | Reached XP level 1. HP: 19/19 MP: 1/1
   244 | D:1      | Reached XP level 2. HP: 23/26 MP: 2/2
   780 | D:2      | Reached skill level 4 in Armour
   785 | D:2      | Found a shimmering blue altar of Sif Muna.
   790 | D:2      | Reached XP level 3. HP: 24/32 MP: 3/3
  1616 | D:3      | Killed from afar by an orc priest

Illustrated notes

Levels and vault maps discovered:
D:1:      moated_graveyard_arrival, layout_basic
D:2:      layout_loops_ring, basic_altar, chequers_big_river,
          minmay_strange_pillars, minmay_misc_feat_rugged
D:3:      layout_basic, nemelex_diamond_rough_becter,
          mainiacjoe_overflow_catwalk, ebering_ghost_sewer_d

Skill      XL: |  1  2  3 |
---------------+----------+-----
Long Blades    | 2 |  2.6
Armour         | 4 |  4.0
Fighting       | 3 |  3.0
Shields        | |  3.6

Action                     || total
---------------------------++-------
  Melee: Long sword        ||   131
         Tailslap          ||    13
 Armour: Scale mail        ||    94
  Dodge: Dodged            ||    44
  Block: Buckler           ||    32

Table legend: (Time is in decaauts)
 A = Elapsed time spent in this place.
 B = Non-inter-level travel time spent in this place.
 C = Inter-level travel time spent in this place.
 D = Time resting spent in this place.
 E = Time spent auto-exploring this place.
 F = Levels seen in this place.
 G = Mean time per level.
                   A        B        C        D        E       F      G
               +--------+--------+--------+--------+--------+-----+--------+
         Total |   1658 |   1623 |     35 |     69 |   1238 |   3 |  552.7 |
       Dungeon |   1658 |   1623 |     35 |     69 |   1238 |   3 |  552.7 |
               +--------+--------+--------+--------+--------+-----+--------+

Top non-repeatable levels by time:
     D:2: 828 daAuts
     D:1: 635 daAuts
     D:3: 194 daAuts
